TOP OF THE 1ST |
Wichita State University Shockers batting - Pitching for University of Michigan Wolverines : RHP Troy O'Connor
|
Pitching: RHP Troy O'Connor
|
|
Batting: RHB Alex Zeledon
|
0-0: Ball 1-0: Foul Ball, location: 2F 1-1: SINGLE (Line Drive, 4M, EV 102.5 MPH)
|
Batting: RHB Lucio Baratta
|
0-0: Ball 1-0: Ball Alex Zeledon steals 2nd base 2-0: Ball 3-0: Base on Balls
|
Batting: LHB Carlos Flores
|
0-0: Fly out, F7 (Flyball, 7D, EV 97.5 MPH)
|
Batting: RHB Marvin Coffey
|
0-0: Called Strike 0-1: Foul Ball, location: 2F 0-2: Foul Ball, location: 2F 0-2: Strikes out swinging
|
Batting: LHB Kyle Lee
|
0-0: Fly out, F9 (Flyball, 9LD, EV 94.4 MPH)
|
Top of the 1st over - 0 runs, 1 hit, 0 errors, 2 left on base; Wichita State University 0 - University of Michigan 0 |
BOTTOM OF THE 1ST |
University of Michigan Wolverines batting - Pitching for Wichita State University Shockers : LHP Joe Seaborn
|
Pitching: LHP Joe Seaborn
|
|
Batting: LHB Carlos Guajardo
|
0-0: Called Strike 0-1: Swinging Strike 0-2: Ball 1-2: Ball 2-2: Fly out, F6 (Popup, 6MD, EV 59.4 MPH)
|
Batting: LHB Javier Cajina
|
0-0: Called Strike 0-1: Ground out 6-3 (Groundball, 6M, EV 86.2 MPH)
|
Batting: SHB J.D. Newman
|
0-0: Ball 1-0: Called Strike 1-1: Foul Ball, location: 2F 1-2: Ball 2-2: Strikes out swinging
|
Bottom of the 1st over - 0 runs, 0 hits, 0 errors, 0 left on base; Wichita State University 0 - University of Michigan 0 |
TOP OF THE 2ND |
Wichita State University Shockers batting - Pitching for University of Michigan Wolverines : RHP Troy O'Connor
|
Batting: LHB Troy Davies
|
0-0: Foul Ball, location: 2F 0-1: Foul Ball, location: 2F 0-2: Ground out 1-3 (Groundball, 25, EV 66.9 MPH)
|
Batting: RHB Kyle Gill
|
0-0: SINGLE (Groundball, 34S, EV 96.2 MPH)
|
Batting: RHB Jeff Grant
|
0-0: Called Strike 0-1: Foul Ball, location: 2F 0-2: Ball Passed Ball! Kyle Gill to second 1-2: Ball 2-2: Reached on error, E9 (Flyball, 9, EV 85.0 MPH) Kyle Gill to third
|
Batting: RHB Rick McGrath
|
0-0: Called Strike 0-1: Fielders Choice at 2nd, 6-4 (Groundball, 6, EV 78.8 MPH) Kyle Gill scores
|
Batting: RHB Alex Zeledon
|
0-0: Fly out, F9 (Flyball, 9, EV 81.9 MPH)
|
Top of the 2nd over - 1 run, 1 hit, 1 error, 1 left on base; Wichita State University 1 - University of Michigan 0 |
BOTTOM OF THE 2ND |
University of Michigan Wolverines batting - Pitching for Wichita State University Shockers : LHP Joe Seaborn
|
Batting: LHB Hector Beltran
|
0-0: Ball 1-0: Foul Ball, location: 2F 1-1: Called Strike 1-2: Foul Ball, location: 2F 1-2: Strikes out swinging
|
Batting: RHB Mitsuhiro Kobayashi
|
0-0: Ball 1-0: Ground out 5-3 (Groundball, 56, EV 102.5 MPH)
|
Batting: LHB Takao Ogura
|
0-0: Foul Ball, location: 2F 0-1: Ball 1-1: Called Strike 1-2: Foul Ball, location: 2F 1-2: Fly out, F2 (Popup, 13S, EV 88.8 MPH)
|
Bottom of the 2nd over - 0 runs, 0 hits, 0 errors, 0 left on base; Wichita State University 1 - University of Michigan 0 |
TOP OF THE 3RD |
Wichita State University Shockers batting - Pitching for University of Michigan Wolverines : RHP Troy O'Connor
|
Batting: RHB Lucio Baratta
|
0-0: Called Strike 0-1: Ball 1-1: Ball 2-1: Ball 3-1: Swinging Strike 3-2: Foul Ball, location: 2F 3-2: SOLO HOME RUN (Flyball, 9LD, EV 96.2 MPH), Distance : 353 ft
|
Batting: LHB Carlos Flores
|
0-0: Swinging Strike 0-1: Foul Ball, location: 2F 0-2: Strikes out swinging
|
Batting: RHB Marvin Coffey
|
0-0: Ball 1-0: Called Strike 1-1: Foul Ball, location: 2F 1-2: Ball 2-2: Fly out, F2 (Popup, 5SF, EV 81.2 MPH)
|
Batting: LHB Kyle Lee
|
0-0: Called Strike 0-1: Reached on error, E4 (Groundball, 4M, EV 104.4 MPH)
|
Batting: LHB Troy Davies
|
0-0: Called Strike 0-1: Ball 1-1: Called Strike 1-2: Foul Ball, location: 2F 1-2: Ball 2-2: Ball 3-2: Foul Ball, location: 2F 3-2: Foul Ball, location: 2F 3-2: Foul Ball, location: 2F 3-2: SINGLE (Groundball, 4D, EV 96.9 MPH) Kyle Lee to second Kyle Lee to third
|
Batting: RHB Kyle Gill
|
0-0: Ball 1-0: Ball 2-0: Called Strike 2-1: Foul Ball, location: 2F 2-2: SINGLE (Groundball, 34D, EV 95.6 MPH) Kyle Lee scores Troy Davies to second Runner from 2nd tries for 3rd, SAFE, no throw by RF
|
Batting: RHB Jeff Grant
|
0-0: Ball Balk! Troy Davies scores Kyle Gill to second 1-0: Ball 2-0: Swinging Strike 2-1: Called Strike 2-2: Foul Ball, location: 2F 2-2: Foul Ball, location: 2F 2-2: Strikes out looking
|
Top of the 3rd over - 3 runs, 3 hits, 1 error, 1 left on base; Wichita State University 4 - University of Michigan 0 |
BOTTOM OF THE 3RD |
University of Michigan Wolverines batting - Pitching for Wichita State University Shockers : LHP Joe Seaborn
|
Batting: RHB Michael Patterson
|
0-0: Called Strike 0-1: Ball 1-1: Called Strike 1-2: Foul Ball, location: 2F 1-2: Foul Ball, location: 2F 1-2: Foul Ball, location: 2F 1-2: Ball 2-2: Ball 3-2: Ground out 6-3 (Groundball, 6MS, EV 83.8 MPH)
|
Batting: RHB Shi-xian Da
|
0-0: Called Strike 0-1: Ball 1-1: Called Strike 1-2: Ball 2-2: SINGLE (Groundball, 6D, EV 97.5 MPH)
|
Batting: SHB Raul Herrera
|
0-0: Swinging Strike 0-1: Ball 1-1: Ball 2-1: Foul Ball, location: 2F 2-2: Foul Ball, location: 2F 2-2: Foul Ball, location: 2F 2-2: Ball 3-2: Base on Balls Shi-xian Da to second
|
Batting: LHB Carlos Guajardo
|
0-0: Fielders Choice at 2nd, 2-4 (Groundball, 15S, EV 65.0 MPH) Shi-xian Da to third
|
Batting: LHB Javier Cajina
|
0-0: Swinging Strike 0-1: Ground out 6-3 (Groundball, 6M, EV 85.6 MPH)
|
Bottom of the 3rd over - 0 runs, 1 hit, 0 errors, 2 left on base; Wichita State University 4 - University of Michigan 0 |
TOP OF THE 4TH |
Wichita State University Shockers batting - Pitching for University of Michigan Wolverines : RHP Troy O'Connor
|
Batting: RHB Rick McGrath
|
0-0: Foul Ball, location: 2F 0-1: Ball 1-1: Ball 2-1: Foul Ball, location: 2F 2-2: Ground out 5-3 (Groundball, 5, EV 81.2 MPH)
|
Batting: RHB Alex Zeledon
|
0-0: Ball 1-0: Called Strike 1-1: Ball 2-1: Ball 3-1: Base on Balls
|
Batting: RHB Lucio Baratta
|
0-0: Ball 1-0: Foul Ball, location: 2F 1-1: Called Strike 1-2: SINGLE (Groundball, 56S, EV 100.0 MPH) Alex Zeledon to second Alex Zeledon to third
|
Batting: LHB Carlos Flores
|
0-0: Ball 1-0: SINGLE (Groundball, 4S, EV 65.0 MPH) (infield hit) Alex Zeledon scores Lucio Baratta to second
|
Pitching: LHP Alex Manon
|
|
Batting: RHB Marvin Coffey
|
0-0: Called Strike 0-1: Swinging Strike 0-2: Ball 1-2: Strikes out swinging
|
Batting: LHB Kyle Lee
|
0-0: Ground out 5-3 (Groundball, 5S, EV 95.0 MPH)
|
Top of the 4th over - 1 run, 2 hits, 0 errors, 2 left on base; Wichita State University 5 - University of Michigan 0 |
BOTTOM OF THE 4TH |
University of Michigan Wolverines batting - Pitching for Wichita State University Shockers : LHP Joe Seaborn
|
Batting: SHB J.D. Newman
|
0-0: Ground out 6-3 (Groundball, 6, EV 83.8 MPH)
|
Batting: LHB Hector Beltran
|
0-0: Swinging Strike 0-1: Ball 1-1: Foul Ball, location: 2F 1-2: Foul Ball, location: 2F 1-2: Strikes out looking
|
Batting: RHB Mitsuhiro Kobayashi
|
0-0: Ground out 1-3 (Groundball, 13S, EV 66.2 MPH)
|
Bottom of the 4th over - 0 runs, 0 hits, 0 errors, 0 left on base; Wichita State University 5 - University of Michigan 0 |
TOP OF THE 5TH |
Wichita State University Shockers batting - Pitching for University of Michigan Wolverines : LHP Alex Manon
|
Batting: LHB Troy Davies
|
0-0: Called Strike 0-1: Swinging Strike 0-2: Ball 1-2: Ball 2-2: Foul Ball, location: 2F 2-2: Foul Ball, location: 2F 2-2: SINGLE (Line Drive, 56, EV 98.8 MPH)
|
Batting: RHB Kyle Gill
|
0-0: Called Strike 0-1: Swinging Strike 0-2: Ball 1-2: Ball 2-2: Foul Ball, location: 2F 2-2: Foul Ball, location: 2F 2-2: Strikes out looking
|
Batting: RHB Jeff Grant
|
0-0: Called Strike 0-1: Foul Ball, location: 2F 0-2: Ball 1-2: Ball 2-2: Ball 3-2: Foul Ball, location: 2F 3-2: Grounds into double play, 5-4-3 (Groundball, 5, EV 81.9 MPH)
|
Top of the 5th over - 0 runs, 1 hit, 0 errors, 0 left on base; Wichita State University 5 - University of Michigan 0 |
BOTTOM OF THE 5TH |
University of Michigan Wolverines batting - Pitching for Wichita State University Shockers : LHP Joe Seaborn
|
Batting: LHB Takao Ogura
|
0-0: Foul Ball, location: 2F 0-1: Ball 1-1: Reached on error, E4 (Groundball, 4, EV 93.1 MPH)
|
Batting: RHB Michael Patterson
|
0-0: Swinging Strike 0-1: Foul Ball, location: 2F 0-2: Foul Ball, location: 2F 0-2: Strikes out swinging
|
Batting: RHB Shi-xian Da
|
0-0: Called Strike 0-1: Fly out, F8 (Line Drive, 8LM, EV 84.4 MPH)
|
Batting: SHB Raul Herrera
|
0-0: Called Strike 0-1: Ball 1-1: Ball 2-1: Ground out 4-3 (Groundball, 4, EV 104.4 MPH)
|
Bottom of the 5th over - 0 runs, 0 hits, 1 error, 1 left on base; Wichita State University 5 - University of Michigan 0 |
TOP OF THE 6TH |
Wichita State University Shockers batting - Pitching for University of Michigan Wolverines : LHP Alex Manon
|
Batting: RHB Rick McGrath
|
0-0: Fly out, F8 (Flyball, 8RXD, EV 88.1 MPH)
|
Batting: RHB Alex Zeledon
|
0-0: Called Strike 0-1: SOLO HOME RUN (Flyball, 8RXD, EV 105.0 MPH), Distance : 437 ft
|
Batting: RHB Lucio Baratta
|
0-0: Ball 1-0: Ground out 1-3 (Groundball, P, EV 71.2 MPH)
|
Batting: LHB Carlos Flores
|
0-0: Called Strike 0-1: Foul Ball, location: 2F 0-2: SINGLE (Groundball, 4, EV 94.4 MPH)
|
Pitching: RHP Malcolm Petteway
|
|
Batting: RHB Marvin Coffey
|
0-0: Ball 1-0: Foul Ball, location: 2F 1-1: Ball 2-1: Ball 3-1: Swinging Strike 3-2: Base on Balls Carlos Flores to second
|
Batting: LHB Kyle Lee
|
0-0: Ball 1-0: Foul Ball, location: 2F 1-1: Ball 2-1: Ball 3-1: Ground out U3 (Groundball, 34, EV 108.1 MPH)
|
Top of the 6th over - 1 run, 2 hits, 0 errors, 2 left on base; Wichita State University 6 - University of Michigan 0 |
BOTTOM OF THE 6TH |
University of Michigan Wolverines batting - Pitching for Wichita State University Shockers : LHP Joe Seaborn
|
Batting: LHB Carlos Guajardo
|
0-0: Ball 1-0: Ball 2-0: Called Strike 2-1: Swinging Strike 2-2: Foul Ball, location: 2F 2-2: Strikes out swinging
|
Batting: LHB Javier Cajina
|
0-0: Called Strike 0-1: SINGLE (Line Drive, 6M, EV 101.2 MPH)
|
Batting: SHB J.D. Newman
|
0-0: Called Strike 0-1: Fielders Choice at 2nd, 4-6 (Groundball, 4, EV 98.8 MPH)
|
Batting: LHB Hector Beltran
|
0-0: Foul Ball, location: 2F 0-1: Foul Ball, location: 2F 0-2: Fly out, F8 (Flyball, 8LM, EV 89.4 MPH)
|
Bottom of the 6th over - 0 runs, 1 hit, 0 errors, 1 left on base; Wichita State University 6 - University of Michigan 0 |
TOP OF THE 7TH |
Wichita State University Shockers batting - Pitching for University of Michigan Wolverines : RHP Malcolm Petteway
|
Batting: LHB Troy Davies
|
0-0: Called Strike 0-1: Fly out, F7 (Flyball, 7, EV 92.5 MPH)
|
Batting: RHB Kyle Gill
|
0-0: Called Strike 0-1: Ball 1-1: Fly out, F7 (Flyball, 7, EV 90.6 MPH)
|
Batting: RHB Jeff Grant
|
0-0: Reached on error, E5 (Groundball, 5, EV 88.8 MPH)
|
Batting: RHB Rick McGrath
|
0-0: Ball 1-0: Foul Ball, location: 2F 1-1: Foul Ball, location: 2F 1-2: Ball 2-2: Strikes out swinging
|
Top of the 7th over - 0 runs, 0 hits, 1 error, 1 left on base; Wichita State University 6 - University of Michigan 0 |
BOTTOM OF THE 7TH |
University of Michigan Wolverines batting - Pitching for Wichita State University Shockers : LHP Joe Seaborn
|
Pitching: RHP Ryan Chase
|
|
Batting: RHB Mitsuhiro Kobayashi
|
0-0: Foul Ball, location: 2F 0-1: Ball 1-1: Ball 2-1: Fly out, F7 (Flyball, 7, EV 91.9 MPH)
|
Batting: LHB Takao Ogura
|
0-0: Ball 1-0: Foul Ball, location: 2F 1-1: Foul Ball, location: 2F 1-2: Foul Ball, location: 2F 1-2: Foul Ball, location: 2F 1-2: Foul Ball, location: 2F 1-2: Ball 2-2: Strikes out looking
|
Batting: RHB Michael Patterson
|
0-0: Fly out, F8 (Flyball, 8RXD, EV 108.8 MPH)
|
Bottom of the 7th over - 0 runs, 0 hits, 0 errors, 0 left on base; Wichita State University 6 - University of Michigan 0 |
TOP OF THE 8TH |
Wichita State University Shockers batting - Pitching for University of Michigan Wolverines : RHP Malcolm Petteway
|
Batting: RHB Alex Zeledon
|
0-0: Ball 1-0: Ball 2-0: Fly out, F8 (Flyball, 8RM, EV 90.0 MPH)
|
Batting: RHB Lucio Baratta
|
0-0: Ball 1-0: Fly out, F8 (Flyball, 8LD, EV 106.9 MPH)
|
Batting: LHB Carlos Flores
|
0-0: Called Strike 0-1: Ball 1-1: Swinging Strike 1-2: Ball 2-2: Ground out U3 (Groundball, 3, EV 87.5 MPH)
|
Top of the 8th over - 0 runs, 0 hits, 0 errors, 0 left on base; Wichita State University 6 - University of Michigan 0 |
BOTTOM OF THE 8TH |
University of Michigan Wolverines batting - Pitching for Wichita State University Shockers : RHP Ryan Chase
|
Batting: RHB Shi-xian Da
|
0-0: Foul Ball, location: 2F 0-1: Called Strike 0-2: Ball 1-2: Foul Ball, location: 2F 1-2: Foul Ball, location: 2F 1-2: Ground out 5-3 (Groundball, 56D, EV 102.5 MPH)
|
Batting: SHB Raul Herrera
|
0-0: Ball 1-0: Ball 2-0: Ball 3-0: Base on Balls
|
Pitching: LHP Rusty Estes
|
|
Batting: LHB Carlos Guajardo
|
0-0: Ball 1-0: Ball 2-0: Ball 3-0: Base on Balls Raul Herrera to second
|
Batting: LHB Javier Cajina
|
0-0: Swinging Strike 0-1: Ball 1-1: Called Strike 1-2: Strikes out swinging
|
Batting: SHB J.D. Newman
|
0-0: Ball 1-0: Fly out, F9 (Flyball, 9D, EV 102.5 MPH)
|
Bottom of the 8th over - 0 runs, 0 hits, 0 errors, 2 left on base; Wichita State University 6 - University of Michigan 0 |
TOP OF THE 9TH |
Wichita State University Shockers batting - Pitching for University of Michigan Wolverines : RHP Malcolm Petteway
|
Pitching: RHP Mike MacDougall
|
|
Batting: RHB Marvin Coffey
|
0-0: Ground out 6-3 (Groundball, 6S, EV 86.9 MPH)
|
Batting: LHB Kyle Lee
|
0-0: Called Strike 0-1: Called Strike 0-2: Reached on error, E4 (Groundball, 4, EV 85.0 MPH)
|
Batting: LHB Troy Davies
|
0-0: Ball 1-0: Ball 2-0: SINGLE (Line Drive, 9S, EV 103.8 MPH) Kyle Lee to second
|
Batting: RHB Kyle Gill
|
0-0: Ball 1-0: Ball 2-0: Called Strike 2-1: Foul Ball, location: 2F 2-2: Ball 3-2: Fielders Choice at 2nd, 3-6 (Groundball, 34, EV 81.9 MPH) Kyle Lee to third
|
Batting: RHB Jeff Grant
|
0-0: Called Strike 0-1: Ball 1-1: Foul Ball, location: 2F 1-2: Ball 2-2: Foul Ball, location: 2F 2-2: Fly out, F9 (Flyball, 9D, EV 98.8 MPH)
|
Top of the 9th over - 0 runs, 1 hit, 1 error, 2 left on base; Wichita State University 6 - University of Michigan 0 |
BOTTOM OF THE 9TH |
University of Michigan Wolverines batting - Pitching for Wichita State University Shockers : LHP Rusty Estes
|
Batting: LHB Hector Beltran
|
0-0: Swinging Strike 0-1: SINGLE (Line Drive, 89M, EV 94.4 MPH)
|
Batting: RHB Mitsuhiro Kobayashi
|
0-0: Ball 1-0: Ball 2-0: Ball 3-0: Base on Balls Hector Beltran to second
|
Batting: LHB Takao Ogura
|
0-0: Ball 1-0: Ball 2-0: Ball 3-0: Called Strike 3-1: Fly out, F6 (Popup, 6M, EV 63.8 MPH)
|
Pitching: LHP Éric Duval
|
|
Batting: RHB Michael Patterson
|
0-0: Called Strike 0-1: DOUBLE (Groundball, 5L, EV 104.4 MPH) Hector Beltran scores Mitsuhiro Kobayashi to third
|
Batting: RHB Shi-xian Da
|
0-0: Ball 1-0: Foul Ball, location: 2F 1-1: Called Strike 1-2: Foul Ball, location: 2F 1-2: Ground out 6-3 (Groundball, 6, EV 81.9 MPH) Mitsuhiro Kobayashi scores
|
Batting: SHB Raul Herrera
|
0-0: Called Strike 0-1: Fly out, F8 (Flyball, 89M, EV 85.6 MPH)
|
Bottom of the 9th over - 2 runs, 2 hits, 0 errors, 1 left on base; Wichita State University 6 - University of Michigan 2 |
|